 Dungeon Crawl Stone Soup version 0.23-a0-643-g9ccc95a (webtiles) character file.

430713 wazuzu the Marksnaga (level 23, -2/220 HPs)
             Began as a Naga Arcane Marksman on Dec 31, 2018.
             Was a High Priest of Okawaru.
             Slain by a death ooze (5 damage)
             ... created by the Royal Jelly
             ... on level 5 of the Pits of Slime.
             The game lasted 02:42:56 (51414 turns).

wazuzu the Marksnaga (Naga Arcane Marksman)        Turns: 51414, Time: 02:42:57

Health: -2/220     AC: 18    Str: 16    XL:     23   Next: 90%
Magic:  32/32      EV: 18    Int: 17    God:    Okawaru [*****.]
Gold:   748        SH: 20    Dex: 15    Spells: 25/34 levels left

rFire    + + .     SeeInvis +   a - +9 double sword (freeze)
rCold    + + .     Gourm    .   c - +2 shield {AC+3}
rNeg     . . .     Faith    .   I - +1 scale mail "Ysyfimnu" {Regen+ Slay+2 Stlth+}
rPois    +         Spirit   .   (helmet restricted)
rElec    +         Reflect  +   T - +1 cloak of Starlight {rElec rC+ EV+4 Stlth--}
rCorr    +         Harm     .   o - +0 pair of gloves "Ejilum" {rF+ rC+ Int+2}
MR       ++...     Rnd*Tele +   Q - +0 naga barding {rF+}
Stlth    +++++.....             j - +3 amulet of reflection
HPRegen  0.00/turn              N - +5 ring of protection
MPRegen  0.23/turn              x - ring of resist corrosion

@: about to teleport, heroism, corroded, very slow
A: large, horns 1, see invisible, deformed body, deterioration 1, poison
resistance, slowness 2, inhibited regeneration, slow metabolism 1, spit poison
1, teleportitis 2, weak 1, constrict 1, AC +7
}: 2/15 runes: serpentine, barnacled
a: Spit Poison, Heroism, Finesse, Renounce Religion


You were on level 5 of the Pits of Slime.
You worshipped Okawaru.
Okawaru was extremely pleased with you.
You were not hungry.

You visited 9 branches of the dungeon, and saw 44 of its levels.

You collected 3412 gold pieces.
You spent 2664 gold pieces at shops.

Inventory:

Hand Weapons
 a - a +9 double sword of freezing (weapon)
 b - a +4 longbow of flaming
 C - the +10 zealot's sword {holy, *Rage rN+ EV+3}
   (Okawaru gifted it to you on level 4 of the Vaults)

   It has been blessed by the Shining One to cause great damage to the undead
   and demons.
   It affects your evasion (+3).
   It protects you from negative energy.
   It may make you go berserk in combat.
Missiles
 d - 1739 arrows
 g - 1416 stones (quivered)
 K - 6 throwing nets
Armour
 c - a +2 shield of protection (worn)
 i - a scarf of cloud immunity
 o - the +0 pair of gloves "Ejilum" (worn) {rF+ rC+ Int+2}
   (You bought it in a shop on level 2 of the Elven Halls)

   It affects your intelligence (+2).
   It protects you from fire.
   It protects you from cold.
 I - the +1 scale mail "Ysyfimnu" (worn) {Regen+ Slay+2 Stlth+}
   (Okawaru gifted it to you on level 2 of the Lair of Beasts)

   It affects your accuracy and damage with ranged weapons and melee attacks
   (+2).
   It increases your rate of regeneration.
   It makes you more stealthy.
 L - the +1 helmet of Death Resistance {rCorr}
   (You bought it in a shop on level 2 of the Snake Pit)

   It provides partial protection from all sources of acid and corrosion.
 P - a +0 hat of magic resistance
 Q - a +0 naga barding of fire resistance (worn)
 T - the +1 cloak of Starlight (worn) {rElec rC+ EV+4 Stlth--}
   (You found it on level 13 of the Dungeon)

   It affects your evasion (+4).
   It protects you from cold.
   It insulates you from electricity.
   It makes you much less stealthy.
Jewellery
 j - a +3 amulet of reflection (around neck)
 v - an uncursed ring of stealth {unknown}
 x - a ring of resist corrosion (right hand)
 A - a ring of the Octopus King {rN+ AC+1 EV+1 Str+1 Int+1 Dex+1}
   (You found it on level 1 of the Shoals)

   [ring of positive energy]

   It affects your AC (+1).
   It affects your evasion (+1).
   It affects your strength (+1).
   It affects your intelligence (+1).
   It affects your dexterity (+1).
   It protects you from negative energy.
 N - a +5 ring of protection (left hand)
Wands
 m - a wand of digging (7)
 q - a wand of scattershot (4)
 w - a wand of clouds (5)
 y - a wand of disintegration (29)
 D - a wand of iceblast (4)
 M - a wand of acid (44)
 O - a wand of paralysis (24)
Scrolls
 p - 4 scrolls of enchant armour
 t - a scroll of blinking
 B - 2 scrolls of holy word
 F - a scroll of fear
 G - 4 scrolls of teleportation
 J - 11 scrolls of remove curse
 R - 5 scrolls of fog
 W - 4 scrolls of magic mapping
Potions
 e - 6 potions of flight
 h - 11 potions of curing
 k - 4 potions of cancellation
 n - a potion of ambrosia
 r - 3 potions of resistance
 z - 3 potions of invisibility
 E - 5 potions of haste
 H - 2 potions of agility
 S - 2 potions of mutation
Miscellaneous
 V - a lightning rod (4/4)
 X - a phantom mirror
 Y - a phial of floods
Comestibles
 f - 44 rations


   Skills:
 - Level 16.0(21.0) Fighting
 - Level 16.0(21.0) Long Blades
 - Level 17.0(22.0) Bows
 - Level 10.0(15.0) Armour
 - Level 10.0(15.0) Dodging
 - Level 16.0(21.0) Stealth
 + Level 14.6(19.6) Shields
 - Level 6.0 Spellcasting
 - Level 6.0 Hexes
 - Level 6.0 Translocations
 - Level 12.0 Invocations
 - Level 8.0 Evocations


You had 25 spell levels left.
You knew the following spells:

 Your Spells              Type           Power        Failure   Level  Hunger
a - Apportation           Tloc           ####..       2%          1    None
b - Blink                 Tloc           N/A          4%          2    None
c - Portal Projectile     Hex/Tloc       ####..       8%          3    ##.....
d - Animate Skeleton      Necr           N/A          30%         1    None
s - Swiftness             Chrm/Air       #.......     43%         2    None

Your spell library contained the following spells:

 Spells                   Type           Power        Failure   Level  Hunger
 Confusing Touch          Hex            ####..       2%          1    None
 Corona                   Hex            ####...      2%          1    None
 Slow                     Hex            ####....     4%          2    None
 Confuse                  Hex            ####....     8%          3    ##.....
 Gell's Gravitas          Tloc           ####......   8%          3    ##.....
 Inner Flame              Hex/Fire       ###.....     26%         3    ##.....
 Cause Fear               Hex            ####......   26%         4    ####...
 Magic Dart               Conj           #...         30%         1    None
 Shock                    Conj/Air       #...         30%         1    None
 Sting                    Conj/Pois      #...         30%         1    None
 Summon Small Mammal      Summ           #...         30%         1    None
 Call Imp                 Summ           #.......     43%         2    None
 Poisonous Vapours        Pois/Air       #.....       43%         2    None
 Leda's Liquefaction      Hex/Erth       ###.......   65%         4    ####...
 Conjure Flame            Conj/Fire      #.......     67%         3    ##.....
 Mephitic Cloud           Conj/Pois/Air  #.......     67%         3    ##.....
 Static Discharge         Conj/Air       #.......     67%         3    ##.....
 Stone Arrow              Conj/Erth      #.....       67%         3    ##.....
 Metabolic Englaciation   Hex/Ice        ###.......   94%         5    #####..
 Silence                  Hex/Air        ###.......   94%         5    #####..
 Yara's Violent Unravell  Hex/Tmut       ###.......   94%         5    #####..
 Airstrike                Air            #.........   97%         4    ####...
 Olgreb's Toxic Radiance  Pois           #.......     97%         4    ####...
 Petrify                  Tmut/Erth      #.......     97%         4    ####...
 Bolt of Magma            Conj/Fire/Erth #.........   100%        5    #####..
 Lightning Bolt           Conj/Air       #.........   100%        5    #####..
 Venom Bolt               Conj/Pois      #.........   100%        5    #####..
 Deflect Missiles         Chrm/Air       #.........   100%        6    #######
 Orb of Destruction       Conj           #.........   100%        7    #######
 Discord                  Hex            ####......   100%        8    #######


Dungeon Overview and Level Annotations

Branches:
Dungeon (15/15)            Temple (0/1) D:7            Lair (6/6) D:9
 Shoals (4/4) Lair:4        Snake (4/4) Lair:3        Slime (5/5) Lair:5
    Orc (2/2) D:9             Elf (3/3) Orc:2        Vaults (4/5) D:14
  Crypt (1/3) Vaults:3     Depths (0/5) D:15

Altars:
Cheibriados
Gozag
Hepliaklqana
Kikubaaqudgha
Nemelex Xobeh
Okawaru
Sif Muna
Trog
Uskayaw
Vehumet
Wu Jian
Yredelemnul
The Shining One
Beogh
Jiyva

Shops:
D:6 *   D:12 [   Orc:2 :(}(   Elf:1 }   Elf:2 [   Elf:3 *!   Snake:2 *

Annotations:
Shoals:3 2 runed doors, Titaaram's ghost, adept DrNe
Snake:2 3 runed doors, Duffy's ghost, adept NaGl; Zuogeh's ghost, adept MiBe
Elf:3 elfota!, 1 exclusion


Innate Abilities, Weirdness & Mutations

You cannot wear boots.
Your serpentine skin is tough. (AC +7)
You have supernaturally acute eyesight. (SInv)
Armour fits poorly on your strangely shaped body.
Your system is resistant to poisons. (rPois)
You cover ground very slowly.
You have a slow metabolism.
You can spit poison.
You can use your snake-like lower body to constrict enemies.
You have a pair of small horns on your head.
Your body sometimes deteriorates upon taking damage.
You do not regenerate when monsters are visible.
You are sometimes teleported next to monsters.
You are weak. (Str -2)


Message History

The azure jelly completely misses you! You block the azure jelly's attack!
The death ooze completely misses you!
You riposte!
You chop the death ooze into pieces! You headbutt the death ooze!
The death ooze is lightly damaged!
The death ooze misses you!
You feel better!
The azure jelly hits you but does no damage!
You block the azure jelly's attack!
The azure jelly hits you but does no damage!
The azure jelly barely misses you! You block the azure jelly's attack!
The azure jelly hits you! * * * don't die
* * * The azure jelly freezes you!
You resist! * * * don't die
* * * The azure jelly hits you but does no damage!
The azure jelly misses you! The death ooze barely misses you!
You riposte!
You carve the death ooze like a ham! You headbutt the death ooze!
The death ooze is moderately damaged!
The death ooze hits you! rip

#........<.......................
#......................#.###...#.
##....................#### .####
#.....................# #
#....................##
....................## .
...................## ##
.^.................# ##.
................@J.# #[#.
...............GJJ.### ####.
.....................#...#._
..................##.J......
...................####..##.
...................# .)#J
##.................# #.
................###
#.................#


You could see 2 azure jellies, a great orb of eyes, a slime creature and a death
ooze.

Vanquished Creatures
  the Royal Jelly (Slime:5)
  Rupert (Lair:3)
  Polyphemus (Shoals:4)
  28 acid blobs
  A sphinx (Vaults:3)
  The ghost of MordorOrchid the Brawler, an adept TrTm of Cheibriados (Snake:1)
  8 nagarajas
  Gastronok (Lair:2)
  13 azure jellies
  The ghost of tstbtto the Severer, a journeyman MiFi of Makhleb (D:14)
  A deep elf sorcerer (Elf:1)
  A fire giant (Vaults:1)
  A frost giant (Vaults:3)
  7 vault wardens
  3 ghouls (Crypt:1)
  A war gargoyle (Vaults:3)
  3 stone giants
  The ghost of xeno23 the Arsonist, a journeyman DrWz of Vehumet (Lair:6)
  8 ironheart preservers
  A vampire knight (Crypt:1)
  8 very ugly things (Vaults:2)
  The ghost of Xoff the Fighter, a journeyman MiFi of Okawaru (Lair:4)
  A dire elephant (D:15)
  4 deep elf demonologists
  A minotaur (Lair:4)
  Azrael (D:12)
  2 deep elf annihilators
  6 merfolk javelineers
  An ettin (Vaults:3)
  11 merfolk impalers
  5 death oozes
  5 jiangshi (Crypt:1)
  A fire dragon (Vaults:2)
  2 deep elf death magi
  Harold (D:9)
  The ghost of nikopol the Cleaver, a journeyman MiBe of Trog (Lair:1)
  8 yaktaur captains
  6 great orbs of eyes
  8 hydras
  Fannar (D:10)
  2 rakshasas
  9 vault guards
  11 naga warriors
  An ice dragon (Vaults:1)
  2 merfolk avatars (Shoals:4)
  A death knight (Vaults:2)
  A catoblepas (Shoals:4)
  5 centaur warriors
  12 anacondas
  24 two-headed ogres
  8 merfolk aquamancers
  Erica (Lair:1)
  32 dancing weapons
  7 ogre magi
  4 alligator snapping turtles
  A vampire mage (Crypt:1)
  7 death yaks
  2 deep troll earth magi (Vaults:3)
  7 shock serpents
  A soul eater (Crypt:1)
  An orc high priest (Orc:1)
  A satyr (Shoals:4)
  3 deep troll shamans (Vaults:3)
  9 naga sharpshooters
  18 deep elf knights
  Sonja (Lair:4)
  3 salamander mystics
  5 skeletal warriors (D:13)
  22 sea snakes
  3 shadow wraiths (Vaults:3)
  A glowing orange brain (Slime:3)
  A flayed ghost (Vaults:4)
  2 unseen horrors (D:11)
  7 deep trolls
  11 naga ritualists
  15 ironbrand convokers
  27 orc knights
  Pikel (D:6)
  14 deep elf archers
  2 wizards
  A wolf spider zombie (D:14)
  A necromancer (Vaults:1)
  An orb spider (shapeshifter) (Vaults:1)
  11 mana vipers
  3 orc sorcerers
  21 harpies
  82 deep elf magi
  9 fauns
  13 salamanders
  4 wolf spiders
  19 ugly things
  A salamander (shapeshifter) (Vaults:1)
  17 manticores
  8 cyclopes
  6 shining eyes
  A moth of wrath (Lair:6)
  19 elephants
  11 merfolk sirens
  Maurice (D:10)
  4 centaur zombies
  22 naga magi
  54 black mambas
  Joseph (D:9)
  A gargoyle (D:14)
  2 torpor snails
  11 guardian serpents
  21 spiny frogs
  10 vault sentinels
  A storm dragon simulacrum (Vaults:3)
  6 water nymphs
  4 eyes of devastation
  2 kobold demonologists
  38 yaktaurs
  5 komodo dragons
  3 rime drakes
  4 freezing wraiths
  A pale draconian skeleton (Crypt:1)
  A polar bear (shapeshifter) (Vaults:2)
  12 trolls
  Prince Ribbit (D:5)
  10 polar bears
  37 blink frogs
  17 merfolk
  A tengu simulacrum (Vaults:2)
  4 snapping turtles
  A harpy skeleton (D:13)
  4 wind drakes
  8 dream sheep
  2 hornets
  9 hippogriffs
  134 slime creatures
  4 tyrant leeches (Lair:6)
  2 air elementals
  8 water elementals
  A spriggan (shapeshifter) (Vaults:1)
  6 wyverns
  3 wraiths
  2 centaur simulacra
  A basilisk (shapeshifter) (Vaults:1)
  56 yaks
  A shadow (D:15)
  A yak (shapeshifter) (Vaults:1)
  7 golden eyes
  3 hogs (Lair:6)
  A human (D:8)
  2 basilisks
  A human (shapeshifter) (D:15)
  Menkaure (D:4)
  A hungry ghost (D:13)
  A steam dragon (D:12)
  5 fire elementals
  A redback simulacrum (D:14)
  11 vampire mosquitoes
  2 acid dragons
  4 soldier ants
  14 wargs
  A soldier ant (shapeshifter) (Vaults:2)
  53 nagas
  5 water moccasins
  7 porcupines
  Duvessa (D:5)
  A phantom (D:8)
  4 hell hounds (D:12)
  A hornet zombie (D:14)
  6 sky beasts
  3 ice beasts
  8 black bears
  2 necrophages (D:8)
  48 orc warriors
  11 eyes of draining
  23 ogres
  6 wolves (Lair:4)
  17 centaurs
  7 crocodiles
  A big kobold (D:13)
  An earth elemental (Elf:2)
  28 bullfrogs
  Dowan (D:5)
  6 scorpions
  A wyvern skeleton (D:14)
  An elf simulacrum (Vaults:3)
  5 killer bees (D:9)
  3 human simulacra
  2 howler monkeys
  5 electric eels
  7 crimson imps
  2 quasits
  A bullfrog zombie (D:10)
  4 jellies
  8 hounds
  16 orc priests
  A bullfrog skeleton (D:4)
  8 centaur skeletons
  13 worker ants
  16 orc wizards
  Natasha (thrice) (D:4)
  An ogre zombie (Crypt:1)
  A hound zombie (D:10)
  A worker ant zombie (D:10)
  4 gnolls (Orc:2)
  A river rat (D:12)
  11 adders
  3 shadow imps
  An ooze (D:1)
  A worm zombie (Crypt:1)
  2 adder zombies
  An adder skeleton (D:7)
  8 worms
  A dart slug (D:2)
  4 leopard geckos
  96 orcs
  5 ball pythons
  10 bats
  7 giant cockroaches
  10 goblins
  9 hobgoblins
  10 jackals
  2 quokkas
  7 frilled lizards
  17 kobolds
  A quokka skeleton (D:2)
  16 rats
1808 creatures vanquished.

Vanquished Creatures (others)
  Kirke (Lair:6)
  A nagaraja (Snake:2)
  A merfolk javelineer (Shoals:4)
  A centaur warrior (Vaults:4)
  2 satyrs (Shoals:4)
  A deep elf knight (Elf:3)
  A naga sharpshooter (Snake:4)
  A flayed ghost (Vaults:1)
  A deep elf archer (Vaults:4)
  A deep elf mage (Elf:1)
  A cyclops (Shoals:4)
  7 yaktaurs
  4 humans (Lair:6)
  An orc warrior (Orc:2)
  2 slaves (D:6)
  A centaur (Vaults:2)
  2 electric eels (D:12)
  A bullfrog skeleton (D:12)
  2 orc priests (D:6)
  2 orcs
  5 fungi
  30 plants
69 creatures vanquished.

Grand Total: 1877 creatures vanquished

Notes
Turn   | Place    | Note
-------+----------+-------------------------------------------
     0 | D:1      | wazuzu the Naga Arcane Marksman began the quest for the
                  | Orb.
     0 | D:1      | Reached XP level 1. HP: 18/18 MP: 2/2
   334 | D:1      | Reached XP level 2. HP: 7/26 MP: 3/3
  1104 | D:1      | Reached XP level 3. HP: 22/33 MP: 4/4
  1716 | D:2      | Noticed a moth of wrath
  1719 | D:2      | Found a bloodstained altar of Trog.
  1797 | D:2      | Reached XP level 4. HP: 18/44 MP: 5/5
  1896 | D:2      | Found a radiant altar of Vehumet.
  2390 | D:2      | Found a snail-covered altar of Cheibriados.
  2670 | D:2      | Found a glowing golden altar of the Shining One.
  2744 | D:2      | Reached XP level 5. HP: 45/51 MP: 6/6
  3093 | D:2      | Reached skill level 5 in Fighting
  3731 | D:3      | Reached XP level 6. HP: 29/62 MP: 7/7
  4234 | D:4      | Reached skill level 1 in Long Blades
  4498 | D:4      | Noticed Natasha
  4506 | D:4      | Killed Natasha
  4518 | D:4      | Noticed Natasha
  4527 | D:4      | Killed Natasha
  4682 | D:4      | Found an iron altar of Okawaru.
  4724 | D:4      | Became a worshipper of Warmaster Okawaru
  4798 | D:4      | Noticed Menkaure
  4807 | D:4      | Killed Menkaure
  4807 | D:4      | Reached * piety under Okawaru
  4807 | D:4      | Reached XP level 7. HP: 24/69 MP: 8/8
  5136 | D:4      | Reached skill level 5 in Long Blades
  5308 | D:4      | Noticed Natasha
  5313 | D:4      | Killed Natasha
  5470 | D:5      | Entered Level 5 of the Dungeon
  5478 | D:5      | Reached XP level 8. HP: 62/76 MP: 9/9
  5493 | D:5      | Found an ornate altar of the Wu Jian Council.
  5781 | D:5      | Found a hazy altar of Hepliaklqana.
  5893 | D:5      | Noticed Prince Ribbit
  5907 | D:5      | Killed Prince Ribbit
  5907 | D:5      | Reached ** piety under Okawaru
  6224 | D:5      | Identified the +8 dagger "Zytrymin" {pierce, rN+}
  6226 | D:5      | Found a deep blue altar of Sif Muna.
  6557 | D:5      | Noticed Duvessa
  6568 | D:5      | Noticed Dowan
  6570 | D:5      | Killed Duvessa
  6571 | D:5      | Killed Dowan
  7283 | D:6      | Reached XP level 9. HP: 57/82 MP: 10/10
  7392 | D:6      | Found Miuzeps's Assorted Antiques.
  7403 | D:6      | Bought a crude pewter ring for 135 gold pieces
  7403 | D:6      | Bought a scroll labeled WURUUJ CAUBB for 27 gold pieces
  7403 | D:6      | Bought a scroll labeled POASKOJERO for 27 gold pieces
  7403 | D:6      | Identified the cursed ring "Qutocw" {EV-2 Stlth+} (You
                  | bought it in a shop on level 6 of the Dungeon)
  7893 | D:6      | Noticed Pikel
  7898 | D:6      | Gained mutation: Your flesh is heat resistant. (rF+)
                  | [potion of mutation]
  7898 | D:6      | Gained mutation: You can translocate small distances at
                  | will. [potion of mutation]
  7907 | D:6      | Killed Pikel
  7907 | D:6      | Reached *** piety under Okawaru
  8744 | D:7      | Reached skill level 10 in Long Blades
  9081 | D:7      | Found a staircase to the Ecumenical Temple.
  9361 | D:8      | Found a sparkling altar of Nemelex Xobeh.
  9956 | D:8      | Found a hide-covered altar of Uskayaw.
  9989 | D:8      | Reached XP level 10. HP: 90/91 MP: 8/11
 10045 | D:8      | Noticed a purple ugly thing
 10687 | D:8      | Killed a purple ugly thing
 10687 | D:8      | Reached **** piety under Okawaru
 11113 | D:9      | Found a staircase to the Orcish Mines.
 11176 | D:9      | Reached skill level 1 in Stealth
 11194 | D:9      | Reached skill level 1 in Invocations
 11216 | D:9      | Noticed Joseph
 11234 | D:9      | Killed Joseph
 11454 | D:9      | Found a staircase to the Lair.
 11520 | D:9      | Noticed Harold
 11550 | D:9      | Killed Harold
 11550 | D:9      | Reached ***** piety under Okawaru
 11550 | D:9      | Received a gift from Okawaru
 11680 | D:6      | Bought a glowing robe for 99 gold pieces
 12339 | D:9      | Got a dull robe
 12685 | D:10     | Entered Level 10 of the Dungeon
 12710 | D:10     | Noticed Maurice
 12787 | D:10     | Killed Maurice
 13337 | D:10     | Noticed Fannar
 13345 | D:10     | Killed Fannar
 13345 | D:10     | Reached skill level 10 in Stealth
 13345 | D:10     | Reached XP level 11. HP: 85/97 MP: 11/14
 13534 | D:11     | Reached skill level 5 in Invocations
 13563 | D:11     | Noticed a two-headed ogre
 13584 | D:11     | Killed a two-headed ogre
 13584 | D:11     | Received a gift from Okawaru
 13847 | D:11     | Received a gift from Okawaru
 13879 | D:11     | Noticed a green ugly thing
 13928 | D:11     | Killed a green ugly thing
 14224 | D:11     | Received a gift from Okawaru
 14239 | D:11     | Got a warped plate armour {god gift}
 14335 | D:11     | Noticed an unseen horror
 14347 | D:11     | Killed an unseen horror
 14700 | D:11     | Noticed a white ugly thing
 14708 | D:11     | Killed a white ugly thing
 14708 | D:11     | Reached skill level 1 in Armour
 14817 | D:11     | Noticed a two-headed ogre
 14825 | D:11     | Killed a two-headed ogre
 14835 | D:11     | Got a heavily jewelled robe
 14888 | D:11     | Noticed an unseen horror
 14899 | D:11     | Killed an unseen horror
 14927 | D:11     | Reached XP level 12. HP: 83/105 MP: 12/18
 14955 | D:11     | Identified the cursed +1 robe of Hadjma {rN++ MR+ Str+3}
                  | (You found it on level 9 of the Dungeon)
 14966 | D:11     | Identified the cursed +0 robe of Nyrureuf {rPois MR- MP+9
                  | Dex+4} (You found it on level 11 of the Dungeon)
 15021 | Lair:1   | Entered Level 1 of the Lair of Beasts
 15276 | Lair:1   | Noticed Erica
 15290 | Lair:1   | Killed Erica
 15539 | Lair:1   | Found a runed door.
 15597 | Lair:1   | Identified the +9 plate armour of Summertime {Slay+3}
                  | (Okawaru gifted it to you on level 11 of the Dungeon)
 15899 | Lair:1   | Noticed nikopol's ghost (journeyman MiBe)
 16035 | Lair:2   | Noticed Gastronok
 16052 | Lair:2   | Killed Gastronok
 16052 | Lair:2   | Received a gift from Okawaru
 16077 | Lair:2   | Got a distressingly furry scale mail {god gift}
 16486 | Lair:2   | Reached skill level 5 in Dodging
 16875 | Lair:2   | Reached skill level 5 in Armour
 17690 | Lair:3   | Gained mutation: You can use your snake-like lower body to
                  | constrict enemies. [Naga growth]
 17690 | Lair:3   | Reached XP level 13. HP: 104/111 MP: 19/19
 18210 | Lair:3   | Found a staircase to the Snake Pit.
 18426 | Lair:3   | Noticed Rupert
 18444 | Lair:3   | Killed Rupert
 18656 | Lair:4   | Reached skill level 2 in Bows
 18656 | Lair:4   | Reached skill level 1 in Evocations
 18708 | Lair:4   | Noticed a minotaur
 18708 | Lair:4   | Noticed Xoff's ghost (journeyman MiFi)
 18769 | Lair:4   | Received a gift from Okawaru
 18796 | Lair:4   | Identified the +1 scale mail "Ysyfimnu" {Regen+ Slay+2
                  | Stlth+} (Okawaru gifted it to you on level 2 of the Lair of
                  | Beasts)
 18840 | Lair:4   | Reached skill level 3 in Bows
 18853 | Lair:4   | Noticed Sonja
 18916 | Lair:4   | Killed Sonja
 19037 | Lair:4   | Found a staircase to the Shoals.
 19076 | Lair:4   | Found a runed gate.
 19076 | Lair:4   | Found a runed gate.
 19076 | Lair:4   | Found a runed gate.
 19224 | Lair:4   | Reached skill level 5 in Evocations
 19486 | Lair:5   | Reached skill level 4 in Bows
 19664 | Lair:5   | Reached XP level 14. HP: 120/120 MP: 20/20
 19832 | Lair:5   | Received a gift from Okawaru
 19964 | Lair:5   | Found a staircase to the Slime Pits.
 20101 | Lair:5   | Reached skill level 5 in Bows
 20438 | Lair:6   | Entered Level 6 of the Lair of Beasts
 20472 | Lair:6   | Reached skill level 5 in Shields
 20525 | Lair:6   | Received a gift from Okawaru
 20600 | Lair:6   | Reached skill level 6 in Bows
 20617 | Lair:6   | Received a gift from Okawaru
 20629 | Lair:6   | Noticed Kirke
 20656 | Lair:6   | Killed Kirke
 20836 | Lair:6   | Reached skill level 7 in Bows
 21353 | Lair:6   | Reached skill level 8 in Bows
 21360 | Lair:6   | Found a transporter.
 21474 | Lair:6   | Noticed xeno23's ghost (journeyman DrWz)
 21488 | Lair:6   | Found a transporter.
 21652 | Lair:6   | Reached XP level 15. HP: 126/126 MP: 19/21
 21822 | Orc:1    | Entered Level 1 of the Orcish Mines
 21881 | Orc:1    | You fall through a shaft!
 21881 | Orc:2    | Entered Level 2 of the Orcish Mines
 21881 | Orc:2    | Found a staircase to the Elven Halls.
 21916 | Orc:2    | Found a roughly hewn altar of Beogh.
 22185 | Orc:1    | Found a roughly hewn altar of Beogh.
 22516 | Orc:2    | Received a gift from Okawaru
 22777 | Orc:2    | Reached skill level 9 in Bows
 23147 | Orc:2    | Found Vaobb's Book Shoppe.
 23147 | Orc:2    | Found Luis Qeg's Antique Weapon Boutique.
 23178 | Orc:2    | Found a roughly hewn altar of Beogh.
 23208 | Orc:2    | Found Ubol's Weapon Boutique.
 23208 | Orc:2    | Found Evaiput's Gadget Shoppe.
 23939 | D:12     | Found Suplas's Antique Armour Shoppe.
 23942 | D:12     | Bought a pair of bloodstained gloves for 332 gold pieces
 23942 | D:12     | Bought a transparent buckler for 332 gold pieces
 23942 | D:12     | Bought a polished large shield for 332 gold pieces
 24003 | D:12     | Received a gift from Okawaru
 24062 | D:12     | Identified the +3 pair of gloves "Docitix" {Stlth+} (You
                  | bought it in a shop on level 12 of the Dungeon)
 24072 | D:12     | Identified the +3 buckler of the Cockroach {rN+ Int+6
                  | Dex-3} (You bought it in a shop on level 12 of the Dungeon)
 24097 | D:12     | Identified the +3 large shield of the Kettle-Drum {Str+2}
                  | (You bought it in a shop on level 12 of the Dungeon)
 24191 | D:12     | Noticed Azrael
 24204 | D:12     | Killed Azrael
 24227 | D:12     | Received a gift from Okawaru
 24259 | D:12     | Reached skill level 10 in Bows
 25203 | D:13     | Found the +1 cloak of Starlight {rElec rC+ EV+4 Stlth--}
 25346 | D:13     | Received a gift from Okawaru
 25477 | D:13     | Reached skill level 11 in Bows
 25756 | D:14     | Received a gift from Okawaru
 25836 | D:14     | Received a gift from Okawaru
 25875 | D:14     | Found a gate to the Vaults.
 25916 | D:14     | Reached XP level 16. HP: 85/135 MP: 15/22
 25939 | D:14     | Received a gift from Okawaru
 26077 | D:14     | Received a gift from Okawaru
 26416 | D:14     | Reached skill level 12 in Bows
 26483 | D:14     | Found an opulent altar of Gozag.
 26505 | D:14     | Found a runed gate.
 26506 | D:14     | Found a runed gate.
 26507 | D:14     | Found a runed gate.
 26513 | D:14     | Noticed tstbtto's ghost (journeyman MiFi)
 26563 | D:14     | Got a fabulously ornate robe
 27058 | Lair:1   | Killed nikopol's ghost
 27185 | Lair:4   | Killed Xoff's ghost
 27348 | Lair:6   | Killed xeno23's ghost
 27350 | Lair:6   | Got a heavily runed bronze ring
 27676 | D:14     | Killed tstbtto's ghost
 27693 | D:14     | Identified the ring of Nobility {*Corrode +Inv rElec rPois}
                  | (You found it on level 6 of the Lair of Beasts)
 27745 | D:15     | Entered Level 15 of the Dungeon
 28033 | D:15     | Found a staircase to the Depths.
 28091 | D:15     | Found a bloodstained altar of Trog.
 28447 | D:15     | Reached skill level 13 in Bows
 28809 | Elf:1    | Entered Level 1 of the Elven Halls
 28968 | Elf:1    | Received a gift from Okawaru
 29147 | Elf:1    | Received a gift from Okawaru
 29299 | Elf:1    | Reached XP level 17. HP: 92/152 MP: 14/23
 29381 | Elf:1    | Found Igosem's Gadget Emporium.
 29480 | Elf:1    | Reached skill level 14 in Bows
 29559 | Elf:1    | Reached skill level 10 in Fighting
 29880 | Elf:1    | Identified Padeurr's Disquisition on Attacks
 30187 | Elf:2    | Found a runed gate.
 30187 | Elf:2    | Found a runed gate.
 30188 | Elf:2    | Found a runed gate.
 30291 | Elf:2    | Received a gift from Okawaru
 30338 | Elf:2    | Received a gift from Okawaru
 30370 | Elf:2    | Got a fine cloak {god gift}
 30381 | Elf:2    | Identified the +1 robe of Wemoce Vuyv {Int+4} (You found it
                  | on level 14 of the Dungeon)
 30402 | Elf:2    | Identified the +1 cloak "Ciuto" {rF+ Str-5 SInv} (Okawaru
                  | gifted it to you on level 2 of the Elven Halls)
 30442 | Elf:2    | Found Lifac's Armour Emporium.
 30450 | Elf:2    | Bought the +0 pair of gloves "Ejilum" {rF+ rC+ Int+2} for
                  | 297 gold pieces
 30991 | Elf:2    | Reached skill level 10 in Invocations
 31052 | Elf:3    | Entered Level 3 of the Elven Halls
 31142 | Elf:3    | Found Nyaqaumn's Distillery.
 31142 | Elf:3    | Found Gikkez's General Store.
 31311 | Elf:3    | Bought a scroll of identify for 34 gold pieces
 31311 | Elf:3    | Bought a scroll of identify for 34 gold pieces
 31328 | Elf:3    | Bought a potion of haste for 210 gold pieces
 31328 | Elf:3    | Bought a potion of haste for 210 gold pieces
 31504 | Elf:3    | Reached XP level 18. HP: 114/168 MP: 25/25
 32168 | Snake:1  | Entered Level 1 of the Snake Pit
 32236 | Snake:1  | Received a gift from Okawaru
 32287 | Snake:1  | Identified a scroll of acquirement
 32309 | Snake:1  | Found a runed door.
 32394 | Snake:1  | Noticed MordorOrchid's ghost (adept TrTm)
 32533 | Snake:1  | Killed MordorOrchid's ghost
 32546 | Snake:1  | Got a brightly glowing copper ring
 32548 | Snake:1  | Identified the ring of Okawaru's Supremacy {*Tele rElec
                  | Str+3 Int-2} (You found it on level 1 of the Snake Pit)
 32597 | Snake:1  | You fall through a shaft!
 32667 | Snake:1  | Received a gift from Okawaru
 33103 | Snake:2  | Reached ****** piety under Okawaru
 33156 | Snake:2  | Received a gift from Okawaru
 33733 | Snake:2  | Found a runed gate.
 33733 | Snake:2  | Found a runed gate.
 33733 | Snake:2  | Found a runed gate.
 33733 | Snake:2  | Noticed Duffy's ghost (adept NaGl)
 33734 | Snake:2  | Noticed Zuogeh's ghost (adept MiBe)
 33825 | Snake:2  | Found Gases Weuwio's General Store.
 33833 | Snake:2  | Bought a scroll of magic mapping for 63 gold pieces
 33833 | Snake:2  | Bought a scroll of enchant armour for 135 gold pieces
 34380 | Snake:3  | Reached skill level 15 in Long Blades
 34584 | Snake:3  | Received a gift from Okawaru
 35203 | Snake:4  | Entered Level 4 of the Snake Pit
 35210 | Snake:4  | Reached XP level 19. HP: 175/175 MP: 25/28
 35507 | Snake:4  | Received a gift from Okawaru
 35805 | Snake:4  | Received a gift from Okawaru
 35805 | Snake:4  | Reached skill level 10 in Armour
 36323 | Snake:4  | Received a gift from Okawaru
 36752 | Snake:4  | Received a gift from Okawaru
 36763 | Snake:4  | Reached skill level 10 in Dodging
 36808 | Snake:4  | Got a serpentine rune of Zot
 37281 | Shoals:1 | Entered Level 1 of the Shoals
 37433 | Lair:4   | Received a gift from Okawaru
 37763 | Shoals:1 | Learned a level 1 spell: Animate Skeleton
 37765 | Shoals:1 | Learned a level 1 spell: Apportation
 37769 | Shoals:1 | Learned a level 3 spell: Portal Projectile
 37775 | Shoals:1 | Found the ring of the Octopus King
 37778 | Shoals:1 | Got a ring of the Octopus King
 38359 | Shoals:2 | Reached skill level 1 in Translocations
 38470 | Shoals:2 | Learned a level 2 spell: Swiftness
 38690 | Shoals:2 | Reached XP level 20. HP: 175/184 MP: 29/29
 38805 | Shoals:2 | Identified the Handbook of Feathers and Poisoning
 38959 | Shoals:3 | Found a large runed door.
 38960 | Shoals:3 | Found a large runed door.
 38962 | Shoals:3 | Noticed Titaaram's ghost (adept DrNe)
 38969 | Shoals:3 | Identified a ring of the Octopus King {rN+ AC+1 EV+1 Str+1
                  | Int+1 Dex+1} (You found it on level 1 of the Shoals)
 39695 | Shoals:3 | Reached skill level 5 in Hexes
 40058 | Shoals:4 | Entered Level 4 of the Shoals
 40059 | Shoals:4 | Noticed Polyphemus
 40101 | Shoals:4 | Received a gift from Okawaru
 40111 | Shoals:4 | Killed Polyphemus
 40227 | Shoals:4 | Reached skill level 5 in Translocations
 40371 | Shoals:4 | Reached skill level 5 in Spellcasting
 40375 | Shoals:4 | Got a barnacled rune of Zot
 40982 | Shoals:4 | Learned a level 2 spell: Blink
 41270 | Vaults:1 | Entered Level 1 of the Vaults
 41319 | Vaults:1 | Received a gift from Okawaru
 41442 | Vaults:1 | Reached skill level 15 in Bows
 41470 | Vaults:1 | Received a gift from Okawaru
 41651 | Vaults:1 | You fall through a shaft!
 41878 | Vaults:2 | Reached XP level 21. HP: 137/192 MP: 30/30
 42139 | Vaults:2 | Reached skill level 16 in Bows
 42476 | Vaults:2 | Received a gift from Okawaru
 42719 | Vaults:1 | Received a gift from Okawaru
 43275 | Vaults:1 | Received a gift from Okawaru
 43462 | Vaults:1 | Received a gift from Okawaru
 43496 | Vaults:1 | Reached skill level 17 in Bows
 43828 | Vaults:1 | Got a shimmering longbow {god gift}
 43829 | Vaults:1 | Identified the +2 longbow of Optimality {flame, *Corrode
                  | rPois Int+4 Dex+2} (Okawaru gifted it to you on level 1 of
                  | the Vaults)
 44707 | Vaults:3 | Received a gift from Okawaru
 44778 | Vaults:3 | Reached skill level 10 in Shields
 44806 | Vaults:3 | Found a staircase to the Crypt.
 44806 | Vaults:3 | Found a basalt altar of Yredelemnul.
 44822 | Vaults:3 | Found an ancient bone altar of Kikubaaqudgha.
 44921 | Vaults:3 | Reached XP level 22. HP: 204/204 MP: 31/31
 45160 | Vaults:3 | Reached skill level 15 in Stealth
 45185 | Vaults:3 | Received a gift from Okawaru
 45312 | Vaults:3 | Received a gift from Okawaru
 45943 | Vaults:4 | Found a radiant altar of Vehumet.
 46598 | Vaults:4 | Received a gift from Okawaru
 46599 | Vaults:4 | Found the +10 zealot's sword {holy, *Rage rN+ EV+3}
 46777 | Crypt:1  | Entered Level 1 of the Crypt
 47290 | Snake:2  | Bought the +1 helmet of Death Resistance {rCorr} for 397
                  | gold pieces
 47434 | Slime:1  | Entered Level 1 of the Pits of Slime
 47466 | Lair:5   | HP: 8/208 [acid (9)]
 47794 | Slime:1  | Reached skill level 15 in Fighting
 47806 | Slime:1  | Gained mutation: You are occasionally teleported next to
                  | monsters. [a shining eye]
 47811 | Slime:1  | Gained mutation: You are sometimes teleported next to
                  | monsters. [a shining eye]
 47813 | Slime:1  | Gained mutation: You are frail. (-10% HP) [a shining eye]
 47839 | Slime:1  | Received a gift from Okawaru
 47956 | Slime:2  | Reached XP level 23. HP: 113/195 MP: 29/32
 48686 | Slime:2  | Received a gift from Okawaru
 48963 | Slime:3  | Gained mutation: You are clumsy. (Dex -2) [a shining eye]
 48963 | Slime:3  | Gained mutation: You are weak. (Str -2) [a shining eye]
 48967 | Slime:3  | Received a gift from Okawaru
 49079 | Slime:3  | Received a gift from Okawaru
 50608 | Slime:4  | Lost mutation: You can translocate small distances at will.
                  | [potion of mutation]
 50608 | Slime:4  | Lost mutation: Your flesh is heat resistant. (rF+) [potion
                  | of mutation]
 50608 | Slime:4  | Lost mutation: You are clumsy. (Dex -2) [potion of
                  | mutation]
 50608 | Slime:4  | Lost mutation: You are frail. (-10% HP) [potion of
                  | mutation]
 50608 | Slime:4  | Gained mutation: You have a pair of small horns on your
                  | head. [potion of mutation]
 50612 | Slime:5  | Entered Level 5 of the Pits of Slime
 50679 | Slime:5  | Gained mutation: Your body sometimes deteriorates upon
                  | taking damage. [a shining eye]
 50680 | Slime:5  | Gained mutation: You do not regenerate when monsters are
                  | visible. [a shining eye]
 50956 | Slime:5  | Received a gift from Okawaru
 50967 | Slime:5  | Got a pair of jewelled gloves {god gift}
 50968 | Slime:5  | Identified the +1 pair of gloves "Difrud" {rC- rN+ Regen+}
                  | (Okawaru gifted it to you on level 5 of the Pits of Slime)
 50980 | Slime:5  | Found a viscous altar of Jiyva.
 51046 | Slime:5  | Noticed the Royal Jelly
 51061 | Slime:5  | Killed the Royal Jelly
 51413 | Slime:5  | HP: 10/220 [azure jelly[the Royal Jelly] (8)]
 51414 | Slime:5  | HP: 3/220 [azure jelly[the Royal Jelly] (6)]
 51414 | Slime:5  | Slain by a death ooze

Vault maps used:
D:1:      psy_arrival_terrarium, lemuel_another_geyser
D:2:      minmay_thinvault, tgw_trog, nicolae_tso_swordbearing_angel,
          lemuel_doored_altar, vehumet_crystals
D:4:      okawaru_metal_pillars_1_2, uniq_natasha, uniq_menkaure
D:5:      nicolae_overflow_crystal_walls, lemuel_round_altar, first_ration,
          basic_altar, skrybe_limestone_x, kennysheep_generic_room_14,
          uniq_duvessa, uniq_prince_ribbit1
D:6:      serial_shops, nicolae_shop_stone, serial_column_ruins,
          column_ruins_hut_water, column_ruins_hut,
          column_ruins_corridor_straight, column_ruins_open_small_water,
          column_ruins_open_large, column_ruins_columns_corner,
          column_ruins_open_tiny, uniq_pikel
D:7:      minmay_temple_entry_purple_smoke
D:8:      kennysheep_mini, basic_altar, grunt_pizzeria
D:9:      lair_entry_dummy, orc_0_dummy, uniq_harold, uniq_joseph
D:10:     uniq_fannar, uniq_maurice
D:11:     minmay_misc_feat_iff
D:12:     serial_shops, kennysheep_mini_moat, uniq_azrael
D:14:     lightli_vaults_fourway_checkpoint, ebering_ghost_rock_garden,
          nicolae_gozag_cash_rules_everything_around_me
D:15:     hangedman_depths_entry_try_elsewhere_first, lemuel_crystal_altar,
          grunt_decor_cap
Lair:1:   ebering_ghost_inner_flame, grunt_megastairs_1, uniq_erica
Lair:2:   beast_lair_carwin_large_4, minmay_hedge_maze, uniq_gastronok
Lair:3:   minmay_snake_entry_guardpost_large, serial_bayou, serial_bayou_lake_a,
          serial_bayou_pond_a, serial_bayou_shore_a, serial_bayou_pond_c,
          uniq_rupert
Lair:4:   minmay_shoals_entry_lonely_mermaid, maelrawn_ghost_gauntlet_escape,
          uniq_sonja
Lair:5:   dpeg_slime_entry_corner, grunt_megastairs_2
Lair:6:   minmay_lair_end_frog_pond, gammafunk_ghost_berserking_beasts,
          uniq_kirke
Shoals:3: ebering_ghost_disaster_area, nicolae_shoals_water_shrine
Shoals:4: shoals_end_simple, uniq_polyphemus
Snake:1:  ebering_ghost_reflecting_pool
Snake:2:  gammafunk_ghost_cemetery, abandoned_shop, minmay_shop_star
Snake:3:  st_stairs_10
Snake:4:  grunt_snake_rune_pools, lemuel_fruit_tree, serial_bayou_shore_b,
          grunt_megastairs_4
Slime:2:  basic_altar
Slime:3:  cheibrodos_slime_lost_civilization_8
Orc:1:    basic_altar, guppyfry_orc_lava_fort
Orc:2:    st_orc_town, basic_altar, special_room
Elf:1:    eino_elf_arrival_customs, serial_shops, shop, minmay_elf_sorcery
Elf:2:    serial_shops, shop
Elf:3:    elf_hall, minmay_shoptagon, roderic_lattice_octagonal_star
Vaults:1: dpeg_vaults_monster_box, vaults_room_hallway, v_misc_28,
          ontoclasm_vaults_claustrophobia, v_misc_13,
          nicolae_vaults_little_squares_6, ontoclasm_vaults_twist, v_misc_27,
          grunt_vaults_swirl, nicolae_vaults_asterisk, ontoclasm_vaults_hangar,
          grunt_vaults_focal, ontoclasm_vaults_shuriken
Vaults:2: v_misc_3, nicolae_vaults_stairing_the_circle,
          hangedman_vaults_variations, grunt_vaults_hallway_short,
          ontoclasm_vaults_fault, hangedman_vaults_capsules,
          ontoclasm_vaults_spin, nicolae_vaults_hallways_thing,
          vaults_mumra_hex, v_misc_17, vaults_room_stairs_pillars
Vaults:3: v_misc_1, nicolae_vaults_mini_display_case, vaults_room_fours,
          vaults_standard_mumra_enter_the_diamond, vaults_mumra_minichess,
          minmay_crypt_entry_necro_gods, hangedman_vaults_restitches,
          vaults_dpeg_encased_lava, v_misc_16,
          hangedman_vaults_stretched_pinwheel, vaults_dpeg_doors
Vaults:4: ontoclasm_vaults_ring_large, hangedman_vaults_corner_blocks,
          v_misc_33, vaults_dpeg_diagonal, nicolae_vaults_circle_grid_a,
          nicolae_vaults_yaktaur_gun_rack, nicolae_vaults_ring_of_whatevers,
          v_misc_30, basic_altar
Crypt:1:  lemuel_statue_altar, grunt_crypt_arrival_webbed

Skill      XL: |  1  2  3  4  5  6  7  8  9 10 11 12 13 14 15 16 17 18 19 20 21 22 23 |
---------------+----------------------------------------------------------------------+-----
Fighting       | 2 3 4 5 6 9 12 13 15 16 | 16.0
Long Blades    | 4 6 9 11 12 13 14 15 16 | 16.0
Shields        | 2 4 7 9 10 12 14 | 14.6
Stealth        | 10 12 14 16 | 16.0
Invocations    | 4 8 10 12 | 12.0
Armour         | 2 5 6 7 9 10 | 10.0
Dodging        | 2 5 6 7 8 10 | 10.0
Bows           | 4 8 11 13 14 15 17 | 17.0
Evocations     | 6 8 |  8.0
Translocations | 2 6 |  6.0
Spellcasting   | 2 6 |  6.0
Hexes          | 6 |  6.0

Action                   |  1- 3 |  4- 6 |  7- 9 | 10-12 | 13-15 | 16-18 | 19-21 | 22-24 || total
-------------------------+-------+-------+-------+-------+-------+-------+-------+-------++-------
Melee: Dagger            |   144 |   214 |   350 |   553 |       |       |       |       ||  1261
       Scimitar          |       |       |       |   233 |  1558 |  1161 |   594 |       ||  3546
       Constrict         |       |       |       |       |   284 |   289 |   354 |    93 ||  1020
       Double sword      |       |       |       |       |       |   420 |  1301 |   739 ||  2460
       Eudemon blade     |       |       |       |       |       |       |       |   329 ||   329
       Headbutt          |       |       |       |       |       |       |       |    76 ||    76
 Fire: Longbow           |       |       |       |       |       |       |    14 |       ||    14
Throw: Stone             |       |       |       |     3 |     5 |       |     1 |       ||     9
 Cast: Swiftness         |       |       |       |       |       |       |     1 |       ||     1
Invok: Heroism           |       |       |     3 |    26 |    39 |    29 |    40 |    26 ||   163
       Finesse           |       |       |       |       |     2 |     3 |     6 |     3 ||    14
 Abil: Spit Poison       |     1 |     6 |    10 |     9 |     1 |       |       |       ||    27
Evoke: Wand              |       |       |       |     4 |    11 |     1 |       |     1 ||    17
  Use: Scroll            |     1 |     3 |     5 |     7 |     7 |     9 |    16 |    10 ||    58
       Potion            |       |       |     7 |     7 |     1 |     4 |     4 |    14 ||    37
 Stab: Sleeping          |     1 |     4 |     3 |    18 |    18 |    16 |     8 |    19 ||    87
       Distracted        |       |       |       |     4 |     3 |     2 |     4 |     2 ||    15
       Invisible         |       |       |       |       |    10 |    11 |    11 |       ||    32
       Paralysed         |       |       |       |       |       |     8 |       |       ||     8
       Petrifying        |       |       |       |       |       |       |     1 |       ||     1
  Eat: Chunk             |     2 |    10 |    17 |    16 |    28 |    10 |    16 |     6 ||   105
       Ration            |       |       |       |       |       |     5 |     4 |     4 ||    13
Armor: Robe              |    39 |    35 |    44 |   163 |     4 |       |       |       ||   285
       Scale mail        |       |       |       |       |   614 |   536 |   557 |   316 ||  2023
       Plate armour      |       |       |       |       |    42 |       |       |       ||    42
Dodge: Dodged            |    73 |   105 |   111 |   282 |   447 |   524 |   848 |   501 ||  2891
Block: Buckler           |       |       |    40 |   178 |    35 |       |       |       ||   253
       Shield            |       |       |       |       |   924 |   973 |  1529 |   854 ||  4280
       Reflection        |       |       |       |       |       |    51 |   126 |    66 ||   243
       Other             |       |       |       |       |       |       |     3 |       ||     3
       Rpst.: Scimitar   |       |       |       |    24 |    98 |    83 |    53 |       ||   258
       Double sword      |       |       |       |       |       |    38 |   115 |    70 ||   223
       Eudemon blade     |       |       |       |       |       |       |       |    36 ||    36

Table legend:
 A = Non-vault XP
 B = Vault XP
 C = Vault XP percentage of total XP
 D = Non-vault monster count
 E = Vault monster count
 F = Vault count percentage of total count
                 A         B        C        D         E       F
            +---------+---------+-------+---------+---------+-------
      Total |  550476 |  268807 |  32.8 |    1325 |     493 |  27.1
            +---------+---------+-------+---------+---------+-------
        D:1 |      48 |       0 |   0.0 |      26 |       0 |   0.0
        D:2 |      71 |      88 |  55.3 |      27 |      25 |  48.1
        D:3 |     120 |       0 |   0.0 |      21 |       0 |   0.0
        D:4 |     598 |     218 |  26.7 |      18 |       2 |  10.0
        D:5 |     272 |     627 |  69.7 |      10 |       4 |  28.6
        D:6 |     487 |     629 |  56.4 |      15 |       1 |   6.2
        D:7 |     782 |       0 |   0.0 |      17 |       0 |   0.0
        D:8 |    1746 |     189 |   9.8 |      17 |       1 |   5.6
        D:9 |     359 |    1468 |  80.4 |       7 |       2 |  22.2
       D:10 |     828 |    1474 |  64.0 |      12 |       2 |  14.3
       D:11 |    8658 |       0 |   0.0 |      39 |       0 |   0.0
       D:12 |    6015 |    2342 |  28.0 |      47 |       8 |  14.5
       D:13 |    9056 |       0 |   0.0 |      28 |       0 |   0.0
       D:14 |    9478 |    8195 |  46.4 |      32 |      13 |  28.9
       D:15 |    8212 |    2945 |  26.4 |      26 |       4 |  13.3
     Lair:1 |    3967 |    2250 |  36.2 |      20 |       3 |  13.0
     Lair:2 |    2857 |    5076 |  64.0 |      12 |      15 |  55.6
     Lair:3 |    3027 |    3392 |  52.8 |      16 |       4 |  20.0
     Lair:4 |   12717 |    4182 |  24.7 |      33 |       5 |  13.2
     Lair:5 |   10600 |    3876 |  26.8 |      29 |       5 |  14.7
     Lair:6 |   14002 |   18679 |  57.2 |      39 |      58 |  59.8
   Shoals:1 |    8517 |       0 |   0.0 |      16 |       0 |   0.0
   Shoals:2 |   14248 |       0 |   0.0 |      26 |       0 |   0.0
   Shoals:3 |   15158 |    5516 |  26.7 |      31 |      10 |  24.4
   Shoals:4 |   10233 |   31612 |  75.5 |      17 |      40 |  70.2
    Snake:1 |   24364 |    2053 |   7.8 |      50 |       1 |   2.0
    Snake:2 |   24430 |       0 |   0.0 |      46 |       0 |   0.0
    Snake:3 |   17755 |     939 |   5.0 |      29 |       2 |   6.5
    Snake:4 |   19025 |   39931 |  67.7 |      34 |      66 |  66.0
    Slime:1 |   18275 |       0 |   0.0 |      23 |       0 |   0.0
    Slime:2 |   10234 |       0 |   0.0 |      16 |       0 |   0.0
    Slime:3 |   27115 |       0 |   0.0 |      55 |       0 |   0.0
    Slime:4 |   16447 |       0 |   0.0 |      24 |       0 |   0.0
    Slime:5 |   25987 |   28431 |  52.2 |      38 |       8 |  17.4
      Orc:1 |    1214 |    2791 |  69.7 |      28 |      10 |  26.3
      Orc:2 |    4263 |    8723 |  67.2 |      37 |      57 |  60.6
      Elf:1 |   18419 |   11657 |  38.8 |      30 |      20 |  40.0
      Elf:2 |   16703 |   26023 |  60.9 |      25 |      33 |  56.9
      Elf:3 |   13348 |       0 |   0.0 |      20 |       0 |   0.0
   Vaults:1 |   39980 |   12936 |  24.4 |      74 |      26 |  26.0
   Vaults:2 |   25880 |   23577 |  47.7 |      46 |      40 |  46.5
   Vaults:3 |   58747 |   13879 |  19.1 |      98 |      20 |  16.9
   Vaults:4 |   32863 |    5109 |  13.5 |      57 |       8 |  12.3
    Crypt:1 |   13371 |       0 |   0.0 |      14 |       0 |   0.0
            +---------+---------+-------+---------+---------+-------
